 Dungeon Crawl Stone Soup version 0.26-a0-707-g31817bcca1 (webtiles) character file.

Game seed: 15294965104718747805

2348 robertstho the Thaumaturge (level 9, -2/47 HPs)
             Began as a Deep Elf Ice Elementalist on Oct 26, 2020.
             Slain by Harold
             ... wielding a +0 flail
              (12 damage)
             ... on level 7 of the Dungeon.
             The game lasted 00:16:47 (9375 turns).

robertstho the Thaumaturge (DEIE)                   Turns: 9375, Time: 00:16:47

Health: -2/47      AC:  4    Str: 11    XL:     9   Next: 20%
Magic:  19/25      EV:  7    Int: 24    God:
Gold:   292        SH:  0    Dex: 15    Spells: 13/28 levels left

rFire    . . .     SeeInvis .   I - +6 battleaxe (freeze)
rCold    . . .     Faith    .   (shield currently unavailable)
rNeg     . . .     Spirit   .   a - +0 robe
rPois    .         Reflect  .   (no helmet)
rElec    .         Harm     .   q - +0 cloak
rCorr    .         Rampage  .   (no gloves)
MR       .....                  g - +0 pair of boots
Stlth    +++.......             (no amulet)
HPRegen  0.15/turn              (no ring)
MPRegen  0.19/turn              E - +6 ring of strength

@: marked, frozen ramparts, held, lightly drained
A: no striking features
a: no special abilities


You were on level 7 of the Dungeon.
You visited 1 branch of the dungeon, and saw 7 of its levels.
You also visited: Sewer.

You collected 292 gold pieces.

Inventory:

Hand Weapons
 c - a +0 dagger
 r - a +4 quarterstaff of chaos
 w - a +2 dagger of draining
 B - a +0 short sword of venom
 I - a +6 battleaxe of freezing (weapon)
Missiles
 k - 2 throwing nets (quivered)
 m - 5 boomerangs
 C - 11 poisoned darts
Armour
 a - a +0 robe (worn)
 g - a +0 pair of boots (worn)
 q - a +0 cloak (worn)
Jewellery
 E - a +6 ring of strength (right hand)
 H - an uncursed ring of fire {unknown}
Wands
 n - a wand of flame (22)
 v - a wand of iceblast (10)
Scrolls
 b - 5 scrolls of identify
 i - 4 scrolls of fog
 j - 6 scrolls of remove curse
 p - 5 scrolls of teleportation {unknown}
 t - 2 scrolls of magic mapping {unknown}
 u - 2 scrolls of blinking {unknown}
 y - a scroll of amnesia {unknown}
 A - a scroll of enchant weapon {unknown}
 F - 2 scrolls of immolation {unknown}
 G - a scroll of fear {unknown}
Potions
 d - 4 potions of lignification {unknown}
 e - 2 potions of mutation {unknown}
 f - 5 potions of curing {unknown}
 h - 4 potions of magic {unknown}
 l - 3 potions of stabbing {unknown}
 o - a potion of invisibility
 s - 4 potions of flight
 x - a potion of heal wounds {unknown}
 z - a potion of brilliance {unknown}
 D - a potion of might {unknown}


   Skills:
 + Level 1.1(0.9) Fighting
 + Level 2.7(2.4) Short Blades
 + Level 1.2(1.0) Staves
 + Level 4.2(4.0) Dodging
 + Level 4.1(3.9) Stealth
 * Level 10.3(10.0) Spellcasting
 + Level 1.2(1.0) Summonings
 * Level 9.6(9.3) Ice Magic


You had 13 spell levels left.
You knew the following spells:

 Your Spells              Type           Power        Failure   Level
a - Freeze                Ice            ####         1%          1
b - Frozen Ramparts       Ice            ######       1%          3
c - Ozocubu's Armour      Ice            ######..     1%          3
d - Hailstorm             Conj/Ice       ####....     8%          4
e - Summon Ice Beast      Ice/Summ       #####...     6%          4

Your spell library contained the following spells:

 Spells                   Type           Power        Failure   Level


Dungeon Overview and Level Annotations

Branches:
Dungeon (7/15)             Temple (0/1) D:4           Sewer (visited)

Altars:
Fedhas
Ru
Uskayaw
Xom
Zin

Annotations:
D:4 Grinder
D:5 2 transporters
D:7 Harold


Message History

Your ice beast struggles against the net.
Your ice beast struggles against the net.
A throwing net appears from out of thin air!
The throwing net hits you.
You become entangled in the net!
You see here a throwing net.
You struggle against the net.
Your ice beast struggles against the net.
The orc hits you with a +0 falchion!
Casting: Summon Ice Beast (dangerous; 6% risk of failure)
Confirm with . or Enter, or press ? or * to list all spells.
The walls around you are covered in ice.
Your ice beast struggles against the net.
Something hits you!
* * * LOW HITPOINT WARNING * * *
The wall freezes the orc!
You kill the orc!
You struggle against the net.
Your ice beast struggles against the net.
Something hits you!
You die...

............###
.............#
.............# #.
#...........## ##..
##.........## #....
##.......### ##.....
###.....##########.......
####..#####..............
.###........####@........
.......########.)........
#.###### #..Y........ #.#
#............ #.#
#............ ..#
#.............. ..#
#.............# .##
#.............# .#
#..8..........#


You could see a friendly ice beast (summoned, caught).

Vanquished Creatures
  Pikel (D:4)
  3 centaurs
  2 ogres (D:4)
  A big kobold (Sewer)
  2 bullfrogs
  A scorpion (D:5)
  2 howler monkeys (D:4)
  A centaur zombie (D:6)
  An orc priest (D:5)
  2 hounds
  Crazy Yiuf (D:3)
  2 jellies
  2 orc wizards
  2 bullfrog skeletons
  3 worker ants
  Natasha (thrice) (D:3)
  A hound zombie (D:5)
  2 hound skeletons
  A howler monkey zombie (D:5)
  3 gnolls (D:5)
  6 adders
  2 shadow imps
  2 ufetubi (D:6)
  An adder zombie (D:5)
  5 worms
  4 dart slugs
  6 leopard geckos
  10 orcs
  11 bats
  6 giant cockroaches
  16 hobgoblins
  8 jackals
  8 quokkas
  2 ball pythons
  8 frilled lizards
  7 goblins
  A jackal skeleton (D:4)
  7 kobolds
  A leopard gecko skeleton (D:5)
  12 rats
159 creatures vanquished.

Vanquished Creatures (collateral kills)
  Menkaure (D:5)
  A phantom (D:7)
  2 centaurs (D:6)
  4 wights (D:7)
  2 bullfrog zombies
  A worker ant (D:6)
  A white imp (D:7)
  A leopard gecko (D:5)
13 creatures vanquished.

Vanquished Creatures (others)
  A fungus (D:3)
1 creature vanquished.

Grand Total: 173 creatures vanquished

Notes
Turn   | Place    | Note
-------+----------+-------------------------------------------
     0 | D:1      | robertstho the Deep Elf Ice Elementalist began the quest
                  | for the Orb.
     0 | D:1      | Reached XP level 1. HP: 10/10 MP: 6/6
   389 | D:1      | Reached XP level 2. HP: 11/15 MP: 4/8
  1537 | D:1      | Reached skill level 5 in Ice Magic
  1537 | D:1      | Reached XP level 3. HP: 12/19 MP: 5/10
  2384 | D:2      | Learned a level 3 spell: Frozen Ramparts
  2388 | D:2      | Learned a level 3 spell: Ozocubu's Armour
  2540 | D:2      | Reached skill level 4 in Spellcasting
  2571 | D:2      | Found a blossoming altar of Fedhas.
  2787 | D:3      | Reached XP level 4. HP: 24/24 MP: 12/12
  3390 | D:3      | Reached skill level 5 in Spellcasting
  3491 | D:3      | Noticed Natasha
  3500 | D:3      | Killed Natasha
  3500 | D:3      | Reached XP level 5. HP: 21/28 MP: 10/14
  3738 | D:3      | Noticed Natasha
  3752 | D:3      | Killed Natasha
  4076 | D:3      | Found a sacrificial altar of Ru.
  4184 | D:3      | Found a runed translucent door.
  4185 | D:3      | Noticed Crazy Yiuf
  4238 | D:3      | Killed Crazy Yiuf
  4238 | D:3      | Reached skill level 1 in Short Blades
  4238 | D:3      | Reached XP level 6. HP: 32/32 MP: 12/16
  4280 | D:3      | Noticed Natasha
  4293 | D:3      | Killed Natasha
  4293 | D:3      | Reached skill level 6 in Spellcasting
  4492 | D:4      | Noticed Pikel
  4503 | D:4      | Killed Pikel
  4503 | D:4      | Reached skill level 8 in Spellcasting
  4503 | D:4      | Reached XP level 7. HP: 30/36 MP: 3/20
  4778 | D:4      | Found a staircase to the Ecumenical Temple.
  4799 | D:4      | Found a hide-covered altar of Uskayaw.
  4801 | D:4      | Found a shimmering altar of Xom.
  4801 | D:4      | Noticed Grinder
  4805 | D:4      | Reached XP level 8. HP: 17/41 MP: 18/22
  5209 | D:5      | Entered Level 5 of the Dungeon
  5218 | D:5      | Noticed Menkaure
  5257 | D:5      | Found a glowing drain.
  5269 | Sewer    | Entered a sewer
  5399 | Sewer    | Reached skill level 9 in Spellcasting
  5539 | Sewer    | Found a white marble altar of Elyvilon.
  5594 | D:5      | Reached skill level 1 in Staves
  5608 | D:4      | Learned a level 4 spell: Hailstorm
  5613 | D:4      | Learned a level 4 spell: Summon Ice Beast
  5967 | D:5      | Killed Menkaure
  6036 | D:5      | Found a glowing silver altar of Zin.
  6133 | D:5      | Found a transporter.
  6149 | D:5      | Found a transporter.
  6898 | D:6      | Reached skill level 1 in Fighting
  7566 | D:6      | Reached skill level 10 in Spellcasting
  8136 | D:7      | Reached XP level 9. HP: 47/47 MP: 18/25
  8933 | D:7      | Reached skill level 1 in Summonings
  9361 | D:7      | Noticed Harold
  9375 | D:7      | Slain by Harold

Illustrated notes

Levels and vault maps discovered:
D:1:      tarquinn_simple_flora_water_b, layout_basic, minmay_tetromino_t2
D:2:      layout_basic, lemuel_crystal_altar, minmay_distorted
D:3:      layout_rooms, nicolae_ru_the_path_less_chosen, hex_large,
          uniq_natasha, uniq_crazy_yiuf_cottage
D:4:      layout_rooms, nicolae_overflow_hidden_temple, temple_pool_b,
          uniq_pikel, uniq_grinder
D:5:      layout_cave_pools, gammafunk_temple_overflow_arena,
          cheibrodos_sewer_entry_sluice, uniq_menkaure
D:6:      layout_basic
D:7:      layout_cave_pods, serial_column_ruins, column_ruins_circle_medium,
          column_ruins_corridor_corner, column_ruins_corridor_straight,
          column_ruins_grid_1, column_ruins_corridor_straight,
          column_ruins_grid_1, minmay_misc_feat_nine_boxes, uniq_harold

Skill      XL: |  1  2  3  4  5  6  7  8  9 |
---------------+----------------------------+-----
Ice Magic      | 5 6 7 9 |  9.6
Spellcasting   | 4 5 8 10 | 10.3
Stealth        | 3 4 |  4.1
Dodging        | 3 4 |  4.2
Short Blades   | 1 2 |  2.7
Staves         | 1 |  1.2
Fighting       | 1 |  1.1
Summonings     | 1 |  1.2

Action                   |  1- 3 |  4- 6 |  7- 9 || total
-------------------------+-------+-------+-------++-------
Melee: Unarmed           |     5 |       |       ||     5
       Dagger            |   105 |    56 |   156 ||   317
       Quarterstaff      |       |     1 |    34 ||    35
       Battleaxe         |       |       |     7 ||     7
       Short sword       |       |       |     3 ||     3
 Cast: Freeze            |    35 |     6 |     1 ||    42
       Frozen Ramparts   |     5 |    24 |    30 ||    59
       Ozocubu's Armour  |       |     1 |       ||     1
       Summon Ice Beast  |       |       |    18 ||    18
  Use: Scroll            |     3 |       |     2 ||     5
 Stab: Sleeping          |     5 |       |     6 ||    11
Armor: Robe              |    28 |    27 |    59 ||   114
Dodge: Dodged            |   108 |    70 |   169 ||   347

Table legend: (Time is in decaauts)
 A = Elapsed time spent in this place.
 B = Non-inter-level travel time spent in this place.
 C = Inter-level travel time spent in this place.
 D = Time resting spent in this place.
 E = Time spent auto-exploring this place.
 F = Levels seen in this place.
 G = Mean time per level.
                   A        B        C        D        E       F      G
               +--------+--------+--------+--------+--------+-----+--------+
         Total |   9427 |   9103 |    324 |    389 |   7041 |   8 | 1178.4 |
       Dungeon |   9060 |   8736 |    324 |    389 |   6796 |   7 | 1294.3 |
         Sewer |    367 |    367 |      0 |      0 |    245 |   1 |  367.0 |
               +--------+--------+--------+--------+--------+-----+--------+

Top non-repeatable levels by time:
     D:1: 1730 daAuts
     D:3: 1578 daAuts
     D:7: 1495 daAuts
     D:6: 1465 daAuts
     D:2: 1248 daAuts
     D:5: 844 daAuts
     D:4: 697 daAuts
   Sewer: 367 daAuts
